 Dungeon Crawl Stone Soup version 0.28-a0-1629-gf728b707aa (webtiles) character file.

Game seed: 665539716813712331

51 Majang the Conjurer (level 4, 0/24 HPs)
             Began as a Kobold Conjurer on Jan 24, 2022.
             Killed from afar by Terence (11 damage)
             ... with a puff of flame
             ... on level 2 of the Dungeon.
             The game lasted 00:05:04 (1685 turns).

Majang the Conjurer (Kobold Conjurer)               Turns: 1685, Time: 00:05:05

Health: 0/24       AC:  2    Str:  4    XL:     4   Next: 5%
Magic:  6/8        EV: 18    Int: 21    God:
Gold:   109        SH:  0    Dex: 13    Spells: 2/9 levels left

rFire   . . .      SeeInvis .   b - staff of poison
rCold   . . .      Faith    .   (shield currently unavailable)
rNeg    + . .      Spirit   .   a - +0 robe
rPois   +          Reflect  .   (no helmet)
rElec   .          Harm     .   (no cloak)
rCorr   .          Rampage  .   (no gloves)
Will    .....                   (no boots)
Stlth   +++.......              (no amulet)
HPRegen 0.08/turn               c - ring of positive energy
MPRegen 0.11/turn               g - +4 ring of evasion

@: no status effects
A: small, no large weapons, nightstalker 3
a: no special abilities


You were on level 2 of the Dungeon.
You visited 1 branch of the dungeon, and saw 2 of its levels.

You collected 109 gold pieces.

Inventory:

Armour
 a - a +0 robe (worn)
Magical Staves
 b - a staff of poison (weapon)
Jewellery
 c - a ring of positive energy (left hand)
 g - a +4 ring of evasion (right hand)
Wands
 f - a wand of flame (6)
Scrolls
 e - a scroll of identify {unknown}
 h - a scroll of teleportation {unknown}
 i - a scroll of magic mapping {unknown}
Potions
 d - a potion of ambrosia {unknown}


   Skills:
 - Level 2.4 Dodging
 - Level 2.6 Stealth
 + Level 3.2 Spellcasting
 + Level 4.7 Conjurations


You had 2 spell levels left.
You knew the following spells:

 Your Spells              Type           Power      Damage    Failure   Level
a - Magic Dart            Conj           92%        1d7       1%          1
b - Iskenderun's Mystic   Conj/Tloc      13%        2d5       43%         4
r - Searing Ray           Conj           46%        2d6       2%          2

Your spell library contained the following spells:

 Spells                   Type           Power      Damage    Failure   Level
 Dazzling Flash           Conj/Hex       26%        N/A       14%         3
 Fulminant Prism          Conj/Hex       6%         3d7       43%         4


Dungeon Overview and Level Annotations

Branches:
Dungeon (2/15)

Altars:

Annotations:
D:2 Terence


Innate Abilities, Weirdness & Mutations

You are small and have problems with some larger weapons.
You are completely attuned to the shadows.


Message History

HP restored.
This spell is potentially lethal to cast!
Memorise Iskenderun's Mystic Blast, consuming 4 spell levels and leaving 2?
You start memorising the spell.
You continue memorising. x4
You finish memorising.
Spell assigned to 'b'.
A hobgoblin comes into view.
Casting: Searing Ray (safe; 2% risk of failure)
Confirm with . or Enter, or press ? or * to list all spells.
Aiming: Magic Dart (safe; 1% risk of failure)
Press: ? - help, Shift-Dir - straight line, f - hobgoblin
Aim: a hobgoblin (asleep, 100% to hit)
The magic dart hits the hobgoblin.
The hobgoblin is lightly wounded.
The hobgoblin shouts!
You hear a shout! x2
Casting: Magic Dart (safe; 1% risk of failure)
Confirm with . or Enter, or press ? or * to list all spells.
Aiming: Magic Dart (safe; 1% risk of failure)
Press: ? - help, Shift-Dir - straight line, f/p - hobgoblin
Aim: a hobgoblin (lightly wounded, 100% to hit)
The magic dart hits the hobgoblin but does no damage.
The hobgoblin is lightly wounded.
Casting: Magic Dart (safe; 1% risk of failure)
Confirm with . or Enter, or press ? or * to list all spells.
Aiming: Magic Dart (safe; 1% risk of failure)
Press: ? - help, Shift-Dir - straight line, f/p - hobgoblin
Aim: a hobgoblin (lightly wounded, 100% to hit)
The magic dart hits the hobgoblin but does no damage.
The hobgoblin is lightly wounded.
You hit the hobgoblin but do no damage.
The hobgoblin is lightly wounded.
The hobgoblin completely misses you.
You barely miss the hobgoblin.
The hobgoblin is lightly wounded.
Terence the Incautious comes into view.
He is wielding a +0 mace and carrying a wand of flame (11).
The hobgoblin hits you.
A goblin comes into view. It is wielding a +0 club.
The hobgoblin closely misses you.
Terence zaps a wand.
The puff of flame hits you!
Terence zaps a wand.
The puff of flame hits you!
You die...

........# ### .g ..........##
##.. .###.#.........# ##... #...
g...# ........## #....
.....##..##..........# #....
.....##.###........#.###....
#......#..........#..##....
###.....@..#........##.......
#.........g.@..#....######...
##..##..#######.# #....##....
#...##..# #.# # ###.........
...#.##..# #.# ...........
.###..#..# #.# #.........
#####....###.## #.........
###.†......##...# #.........
...).......##...##.(####.........
#..######..##...##...............


You could see Terence and a hobgoblin.

Vanquished Creatures
  3 adders (D:2)
  2 endoplasms (D:1)
  5 goblins
  4 ball pythons (D:1)
  8 bats
  A frilled lizard (D:1)
  2 kobolds (D:1)
  3 rats
28 creatures vanquished.

Notes
Turn   | Place    | Note
-------+----------+-------------------------------------------
     0 | D:1      | Majang the Kobold Conjurer began the quest for the Orb.
     0 | D:1      | Reached XP level 1. HP: 10/10 MP: 3/3
   246 | D:1      | Reached XP level 2. HP: 6/15 MP: 0/5
   694 | D:1      | Found a faded altar of an unknown god.
   944 | D:1      | Learned a level 2 spell: Searing Ray
  1329 | D:2      | Reached XP level 3. HP: 19/19 MP: 4/7
  1617 | D:2      | Reached XP level 4. HP: 20/24 MP: 4/8
  1667 | D:2      | Learned a level 4 spell: Iskenderun's Mystic Blast
  1680 | D:2      | Noticed Terence
  1685 | D:2      | Killed from afar by Terence

Illustrated notes

Levels and vault maps discovered:
D:1:      matt_arrival_diagonals, layout_loops_ring,
          nicolae_ecumenical_snake_handling
D:2:      layout_rooms, chequers_jeans, minmay_close_crescents, uniq_terence

Skill      XL: |  1  2  3 |
---------------+----------+-----
Spellcasting   | 3 |  3.2
Dodging        | |  2.4
Stealth        | |  2.6
Conjurations   | |  4.7

Action                   |  1- 3 |  4- 6 || total
-------------------------+-------+-------++-------
Melee: Staff             |    12 |     2 ||    14
 Cast: Magic Dart        |    37 |     3 ||    40
       Searing Ray       |     4 |       ||     4
 Stab: Sleeping          |     1 |       ||     1
Armor: Robe              |     3 |       ||     3
Dodge: Dodged            |    19 |     2 ||    21

Table legend: (Time is in decaauts)
 A = Elapsed time spent in this place.
 B = Non-inter-level travel time spent in this place.
 C = Inter-level travel time spent in this place.
 D = Time resting spent in this place.
 E = Time spent auto-exploring this place.
 F = Levels seen in this place.
 G = Mean time per level.
                   A        B        C        D        E       F      G
               +--------+--------+--------+--------+--------+-----+--------+
         Total |   1686 |   1652 |     34 |    601 |    866 |   2 |  843.0 |
       Dungeon |   1686 |   1652 |     34 |    601 |    866 |   2 |  843.0 |
               +--------+--------+--------+--------+--------+-----+--------+

Top non-repeatable levels by time:
     D:1: 1321 daAuts
     D:2: 364 daAuts
